 Dungeon Crawl Stone Soup version 0.32-a0-876-gcfddb08e57 (webtiles) character file.

Game seed: 15877487768441424803

1590 bmack86 the Cleaver (level 8, -1/64 HPs)
             Began as a Minotaur Fighter on Apr 1, 2024.
             Slain by a gnoll sergeant
             ... wielding a +0 glaive
              (7 damage)
             ... in a bailey.
             The game lasted 00:10:45 (5350 turns).

bmack86 the Cleaver (Minotaur Fighter)              Turns: 5350, Time: 00:10:46

Health: -1/64      AC: 15    Str: 24    XL:     8   Next: 61%
Magic:  7/7        EV:  7    Int:  5    God:
Gold:   343        SH:  4    Dex:  9    Spells: 7/7 levels left

rFire   . . .        a - +1 war axe
rCold   . . .        c - +0 buckler
rNeg    . . .        n - +0 chain mail
rPois   .            (helmet restricted)
rElec   .            t - +2 cloak {rCorr}
rCorr   +            (no gloves)
SInv    .            x - +2 pair of boots
Will    .....        (no amulet) Stlth
                     (no ring)
HPRegen 0.30/turn    (no ring)
MPRegen 0.10/turn

%: no passive effects
@: mighty, weakened, studying Unarmed Combat
A: horns 2, retaliatory headbutt
a: no special abilities


You were in a bailey.
You visited 1 branch of the dungeon, and saw 7 of its levels.
You also visited: Bailey.

You collected 343 gold pieces.

Inventory:

Hand Weapons
 a - a +1 war axe (weapon)
Missiles
 f - 7 poisoned darts
 q - 4 boomerangs
 y - a throwing net
Armour
 b - a +0 scale mail
 c - a +0 buckler (worn)
 n - a +0 chain mail (worn)
 t - a +2 cloak of preservation (worn)
 x - a +2 pair of boots (worn)
Jewellery
 p - a ring of positive energy
 v - a ring of positive energy
Wands
 r - a wand of mindburst (11)
 s - a wand of acid (9)
 u - a wand of iceblast (11)
 w - a wand of flame (33) (quivered)
Scrolls
 e - a scroll of enchant weapon
 g - 5 scrolls of teleportation
 h - a scroll of revelation
 j - a scroll of blinking
 k - 2 scrolls of immolation
 l - 2 scrolls of fear
Potions
 d - a potion of might
 i - 2 potions of enlightenment {unknown}
 m - 3 potions of ambrosia
 o - a potion of mutation {unknown}


   Skills:
 - Level 3.6 Fighting
 + Level 12.7 Axes
 - Level 3.6 Armour
 - Level 5.0 Shields


You had 7 spell levels left.
You didn't know any spells.
Your spell library contained the following spells:

 Spells                   Type           Power      Damage    Failure   Level
 Apportation              Tloc           0%         N/A       98%         1
 Necrotise                Necr           0%         1d4       98%         1
 Sting                    Conj/Alch      0%         1d3       98%         1
 Summon Small Mammal      Summ           0%         N/A       98%         1
 Ensorcelled Hibernation  Hex/Ice        0%         N/A       99%         2
 Lesser Beckoning         Tloc           0%         N/A       99%         2
 Frozen Ramparts          Ice            0%         1d1       100%        3
 Ozocubu's Armour         Ice            0%         N/A       100%        3
 Passwall                 Erth           0%         N/A       100%        3
 Swiftness                Air            0%         N/A       100%        3
 Teleport Other           Tloc           0%         N/A       100%        3
 Maxwell's Portable Pile  Tloc           0%         2d(5-10)  100%        4
 Metabolic Englaciation   Hex/Ice        0%         N/A       100%        5


Dungeon Overview and Level Annotations

Branches:
Dungeon (7/15)             Temple (0/1) D:7          Bailey (1/1)

Altars:
Cheibriados
Elyvilon
Makhleb
Sif Muna
Wu Jian
Xom
Yredelemnul

Shops:
D:5 :


Innate Abilities, Weirdness & Mutations

You have a pair of horns on your head.
You reflexively headbutt those who attack you in melee.


Message History

You kill the gnoll!
You closely miss the gnoll. You barely miss the gnoll sergeant.
You hit the gnoll but do no damage. The gnoll hits you but does no damage.
The gnoll sergeant hits you with a +0 glaive!
The gnoll hits you but does no damage.
The gnoll bouda hits you from afar with a +0 halberd!
You block the gnoll's attack.
The gnoll sergeant hits you with a +0 glaive.
The gnoll hits you but does no damage. You block the gnoll bouda's attack.
The gnoll closely misses you.
Things that are here:
a +0 trident; a throwing net; a +0 chain mail Unknown command.
The gnoll barely misses you.
The gnoll sergeant hits you with a +0 glaive.
* * * LOW HITPOINT WARNING * * *
The gnoll hits you with a +0 spear.
* * * LOW HITPOINT WARNING * * *
The gnoll bouda gazes fiercely through you!
You feel your attacks grow feeble.
The gnoll bouda hits you but does no damage.
The gnoll barely misses you.
You closely miss the gnoll. You hit the gnoll.
You hit the gnoll sergeant but do no damage.
You slash the gnoll! The gnoll hits you with a +0 spear.
* * * LOW HITPOINT WARNING * * *
The gnoll sergeant misses you. You furiously retaliate!
You headbutt the gnoll sergeant. The gnoll hits you with a +0 trident!
* * * LOW HITPOINT WARNING * * *
You feel very mighty all of a sudden. You block the gnoll bouda's attack.
The gnoll barely misses you. The gnoll hits you but does no damage.
The gnoll sergeant hits you but does no damage.
You block the gnoll's attack.
You hit the gnoll.
The gnoll is almost dead.
You slash the gnoll! You hit the gnoll sergeant. You hit the gnoll.
You block the gnoll bouda's attack. The gnoll hits you but does no damage.
The gnoll sergeant hits you with a +0 glaive!
You die...

##+## ##...##
##.....## #.......#
♣≈ #..gß$..# ≈♣ ♣≈
#..gg...# ≈♣ ♣≈
#.g@).# ≈♣ ♣≈ ##.g.##
≈♣ ♣≈ ##'## ≈♣ ♣≈
#...# ≈♣ ♣≈## #...#
##≈♣ ♣≈.# #..)# #.≈♣
♣≈.######'''######.≈♣
♣≈.................≈♣
♣≈≈...............≈≈♣


You could see a gnoll sergeant (swift), a gnoll bouda and 3 gnolls.

Vanquished Creatures
  Grinder (D:3)
  Menkaure (D:4)
  An ice beast (D:7)
  An ogre (D:4)
  A bullfrog (D:6)
  2 scorpions
  A howler monkey (D:5)
  A jelly (D:5)
  5 hounds
  4 orc priests
  Crazy Yiuf (D:3)
  Jessica (D:3)
  Natasha (thrice) (D:3)
  Terence (D:3)
  5 iguanas
  2 orc wizards
  7 gnolls
  4 adders
  A shadow imp (D:6)
  A white imp (D:6)
  2 ufetubi (D:6)
  2 dart slugs
  14 orcs
  6 endoplasms
  3 giant cockroaches
  16 goblins
  8 hobgoblins
  4 jackals (D:3)
  5 quokkas
  11 ball pythons
  6 bats
  4 frilled lizards
  2 kobolds
  3 rats
130 creatures vanquished.

Notes
Turn   | Place    | Note
-------+----------+-------------------------------------------
     0 | D:1      | bmack86 the Minotaur Fighter began the quest for the Orb.
     0 | D:1      | Reached XP level 1. HP: 19/19 MP: 0/0
    44 | D:1      | You fall into a shaft and drop 1 floor!
   113 | D:1      | Reached XP level 2. HP: 23/26 MP: 1/1
   115 | D:1      | Found a faded altar of an unknown god.
   410 | D:1      | Reached skill level 3 in Axes
   660 | D:2      | Reached XP level 3. HP: 25/31 MP: 2/2
   823 | D:2      | Reached skill level 5 in Shields
  1203 | D:3      | Reached skill level 4 in Axes
  1203 | D:3      | Reached XP level 4. HP: 34/39 MP: 3/3
  1246 | D:3      | Noticed Grinder
  1270 | D:3      | Killed Grinder
  1271 | D:3      | Reached skill level 7 in Axes
  1271 | D:3      | Reached XP level 5. HP: 28/45 MP: 4/4
  1271 | D:3      | Reached XP level 6. HP: 32/51 MP: 5/5
  1433 | D:3      | Noticed Jessica
  1440 | D:3      | Killed Jessica
  1493 | D:3      | Noticed Natasha
  1499 | D:3      | Killed Natasha
  1543 | D:3      | Noticed Terence
  1556 | D:3      | Killed Terence
  1557 | D:3      | Reached skill level 8 in Axes
  1667 | D:3      | Found a runed translucent door.
  1668 | D:3      | Noticed Crazy Yiuf
  1681 | D:3      | Killed Crazy Yiuf
  1871 | D:3      | Reached XP level 7. HP: 47/57 MP: 6/6
  2036 | D:3      | Noticed Natasha
  2039 | D:3      | Killed Natasha
  2477 | D:3      | Noticed Natasha
  2488 | D:3      | Killed Natasha
  2545 | D:4      | Found a shimmering blue altar of Sif Muna.
  2688 | D:4      | Found a white marble altar of Elyvilon.
  2733 | D:4      | Found a burning altar of Makhleb.
  2779 | D:4      | Noticed Menkaure
  2786 | D:4      | Reached skill level 9 in Axes
  2788 | D:4      | Killed Menkaure
  2919 | D:4      | Found an ornate altar of the Wu Jian Council.
  2924 | D:4      | Reached skill level 10 in Axes
  3051 | D:4      | Found a snail-covered altar of Cheibriados.
  3821 | D:4      | Reached XP level 8. HP: 28/64 MP: 7/7
  3998 | D:5      | Entered Level 5 of the Dungeon
  4024 | D:5      | Reached skill level 11 in Axes
  4057 | D:5      | Found Bangewk's Book Shoppe.
  4301 | D:5      | Found a basalt altar of Yredelemnul.
  4552 | D:6      | Found a shimmering altar of Xom.
  4732 | D:6      | Reached skill level 12 in Axes
  5136 | D:7      | Found a flagged portal.
  5165 | Bailey   | Entered a bailey
  5350 | Bailey   | Slain by a gnoll sergeant

Illustrated notes

Levels and vault maps discovered:
D:1:      dpeg_arrival_water_temple_mockup, layout_rooms,
          hellmonk_ecumenical_altar_heavens_door
D:2:      cheibrodos_old_hovel, layout_rooms, nicolae_houndstooth_variations
D:3:      minmay_chambers_of_threes, layout_basic, hex_tiny, uniq_grinder,
          uniq_jessica, uniq_terence, uniq_crazy_yiuf_cottage, uniq_natasha
D:4:      layout_basic, lightli_temple_of_fire,
          mainiacjoe_overflow_tiny_flanked, mainiacjoe_overflow_boulevard,
          hellmonk_sif_muna_bookshelves, old_standard_altar,
          nicolae_elevator_lobby_plus, uniq_menkaure
D:5:      layout_rooms, mainiacjoe_overflow_alcove_2, serial_shops, shop,
          serial_glass, glass_columns_c, glass_columns_a, due_unseen_surprise,
          minmay_strange_pillars, minmay_strange_pillars,
          minmay_misc_feat_more_columns
D:6:      layout_loops_ring, xom_teletrap_fun, chequers_serial_rivers_micro_c
D:7:      layout_basic, mainiacjoe_overflow_surrounded_room,
          minmay_temple_entry_butterflies, enter_bailey_5
Bailey:   bailey_polearm_gnolls_kennysheep, bailey

Skill      XL: |  1  2  3  4  5  6  7  8 |
---------------+-------------------------+-----
Shields        | 4 5 |  5.0
Axes           | 3 4 7 8 10 12 | 12.7
Fighting       | |  3.6
Armour         | |  3.6

Action                     |  1- 3 |  4- 6 |  7- 9 || total
---------------------------+-------+-------+-------++-------
  Melee: War axe           |    77 |   102 |   129 ||   308
         Headbutt          |     5 |    12 |    29 ||    46
  Throw: Boomerang         |       |     2 |       ||     2
  Evoke: Wand              |       |       |     9 ||     9
    Use: Scroll            |     2 |     1 |    10 ||    13
         Potion            |       |       |     1 ||     1
 Armour: Scale mail        |    13 |       |       ||    13
         Chain mail        |    62 |    63 |   145 ||   270
         Skin              |     9 |       |       ||     9
  Dodge: Dodged            |    34 |    29 |    44 ||   107
  Block: Buckler           |    21 |    21 |    35 ||    77

Table legend: (Time is in decaauts)
 A = Elapsed time spent in this place.
 B = Non-inter-level travel time spent in this place.
 C = Inter-level travel time spent in this place.
 D = Time resting spent in this place.
 E = Time spent auto-exploring this place.
 F = Levels seen in this place.
 G = Mean time per level.
                   A        B        C        D        E       F      G
               +--------+--------+--------+--------+--------+-----+--------+
         Total |   5402 |   5039 |    363 |    325 |   3419 |   8 |  675.2 |
       Dungeon |   5219 |   4856 |    363 |    225 |   3419 |   7 |  745.6 |
        Bailey |    183 |    183 |      0 |    100 |      0 |   1 |  183.0 |
               +--------+--------+--------+--------+--------+-----+--------+

Top non-repeatable levels by time:
     D:4: 1507 daAuts
     D:3: 1369 daAuts
     D:6: 625 daAuts
     D:2: 608 daAuts
     D:1: 570 daAuts
     D:5: 509 daAuts
  Bailey: 183 daAuts
     D:7: 29 daAuts
